 Dungeon Crawl Stone Soup version 0.30-b1-2-g02819fbbbe (webtiles) character file.

Game seed: 9804278484922696991

8 Alarkh the Trooper (level 2, 24/24 HPs)
             Began as a Demonspawn Chaos Knight on May 20, 2023.
             Was a Plaything of Xom.
             Got out of the dungeon alive.
             The game lasted 00:00:30 (255 turns).

Alarkh the Trooper (Demonspawn Chaos Knight)         Turns: 255, Time: 00:00:31

Health: 24/24      AC:  7    Str: 12    XL:     2   Next: 0%
Magic:  2/2        EV: 11    Int: 13    God:    Xom [..*...]
Gold:   10         SH:  0    Dex: 12    Spells: 1/1 levels left

rFire   . .          .
                       - Unarmed
rCold   . . .        (no shield)
rNeg    . . .        a - +2 leather armour
rPois   .            (no helmet)
rElec   .            (no cloak)
rCorr   .            (no gloves)
SInv    .            (no boots)
Will    .....        (no amulet)
Stlth   +            (no ring)
HPRegen 0.24/turn    (no ring)
MPRegen 0.08/turn

%: no passive effects
@: no status effects
A: molten scales 1
a: Renounce Religion


You escaped.
You worshipped Xom.
You were a toy of Xom.
You visited 1 branch of the dungeon, and saw 1 of its levels.

You collected 10 gold pieces.

Inventory:

Armour
 a - a +2 leather armour (worn)
Scrolls
 c - 2 scrolls of fear {unknown}
 d - a scroll of identify {unknown}
 f - a scroll of poison {unknown}
 g - a scroll of magic mapping {unknown}
 h - a scroll of fog {unknown}
Potions
 e - a potion of cancellation {unknown}
Miscellaneous
 b - a piece from Xom's chessboard (15/15) (quivered)


   Skills:
 + Level 3.1 Fighting
 - Level 1.7 Armour
 - Level 0.8 Dodging
 * Level 3.1 Unarmed Combat


You had one spell level left.
You didn't know any spells.
Your spell library was empty.

Dungeon Overview and Level Annotations

Branches:
Dungeon (1/15)

Altars:


Innate Abilities, Weirdness & Mutations

You are partially covered in molten scales. (AC +2)


Message History

Your Unarmed Combat skill increases to level 3!
No target in view!
No target in view!
No target in view!
No target in view!
No target in view!
No target in view!
No target in view!
HP restored.
h - a scroll labelled TUNNYS LAMMINU
There is a stone staircase leading down here.
A goblin and a hobgoblin come into view.
The goblin is wielding a +2 vampiric dagger.
The goblin shouts!
The hobgoblin shouts!
There are monsters nearby!
There are monsters nearby!
You hit the goblin but do no damage. The goblin misses you.
You hit the goblin.
The goblin is moderately wounded.
The goblin closely misses you.
You hit the goblin.
You kill the goblin!
You closely miss the hobgoblin.
The hobgoblin hits you but does no damage.
You hit the hobgoblin.
The hobgoblin is severely wounded.
The hobgoblin hits you but does no damage.
You hit the hobgoblin.
You kill the hobgoblin!
You have reached level 2!
Your demonic ancestry asserts itself...
Molten scales grow over part of your body.
Xom is amused.
Things that are here:
a +2 vampiric dagger; a goblin corpse You open the door.
There is an open door here.
There is a staircase leading out of the dungeon here.
Are you sure you want to leave the Dungeon?
This will make you lose the game!
You have escaped!

.........######..# ##.
......)..# ####'####
....รท....# ##PP#.#PP##
.........###P..#.#~~P##
.........##PPP.#.#~~~P##
....(....#P.P..#.#~~~~P#
.........#PP...#.#~~~~P#
.........#######.#######
.........'......@......+
.........#######.#######
##########P~~~~#.#...PP#
#P~~~~#.#..P.P#
##P~~~#.#P..P##
##P~~#.#PPP##
##PP#.#PP## ####+###


There were no monsters in sight!

Vanquished Creatures
  3 goblins (D:1)
  3 hobgoblins (D:1)
  A bat (D:1)
7 creatures vanquished.

Notes
Turn   | Place    | Note
-------+----------+-------------------------------------------
     0 | D:1      | Alarkh the Demonspawn Chaos Knight began the quest for the
                  | Orb.
     0 | D:1      | Reached XP level 1. HP: 18/18 MP: 1/1
   198 | D:1      | Gained mutation: You are partially covered in molten
                  | scales. (AC +2) [demonic ancestry]
   198 | D:1      | Reached XP level 2. HP: 24/24 MP: 2/2
   255 | D:$      | Got out of the dungeon alive.

Illustrated notes

Levels and vault maps discovered:
D:1:      psy_arrival_terrarium, layout_basic

Skill      XL: |  1 |
---------------+----+-----
Unarmed Combat | 3 |  3.1
Fighting       | |  3.1
Armour         | |  1.7
Dodging        | |  0.8

Action                     || total
---------------------------++-------
  Melee: Unarmed           ||    15
 Armour: Leather armour    ||     4
  Dodge: Dodged            ||     6
